 Dungeon Crawl Stone Soup version 0.21.0 (webtiles) character file.

134 straycat the Sneak (level 4, -15/35 HPs)
             Began as a Vampire Wanderer on Jan 7, 2018.
             Demolished by an ogre
             ... wielding a +0 giant club
              (17 damage)
             ... on level 4 of the Dungeon.
             The game lasted 00:11:40 (3115 turns).

straycat the Sneak (Vampire Wanderer)               Turns: 3115, Time: 00:11:41

Health: -15/35     AC:  9    Str: 12    XL:     4   Next: 95%
Magic:  4/4        EV:  5    Int: 12    God:
Gold:   90         SH: 10    Dex: 15    Spells: 3/3 levels left

rFire    . . .     SeeInvis +   s - +0 war axe
rCold    . . .     Gourm    .   x - +0 large shield
rNeg     . . .     Faith    .   a - +2 scale mail
rPois    .         Spirit   .   (no helmet)
rElec    .         Reflect  .   p - +0 cloak
rCorr    .         Harm     .   (no gloves)
MR       .....                  (no boots)
Stlth    +.........             (no amulet)
HPRegen  0.31/turn              (no ring)
MPRegen  0.09/turn              (no ring)

@: regenerating quickly
A: fangs 3, see invisible, unbreathing
a: no special abilities


You were on level 4 of the Dungeon.
You were full.

You visited 1 branch of the dungeon, and saw 4 of its levels.

You collected 90 gold pieces.

Inventory:

Hand Weapons
 b - a +0 shortbow
 e - a +0 dagger
 o - a +0 dagger of electrocution
 q - a +0 trident
 s - a +0 war axe (weapon)
 u - a +0 hunting sling
Missiles
 c - 41 arrows
 j - 83 bolts
Armour
 a - a +2 scale mail (worn)
 d - a +0 shield
 k - a +1 leather armour of cold resistance
 l - a cursed +0 leather armour
 p - a +0 cloak (worn)
 x - a +0 large shield (worn)
Scrolls
 g - a scroll of enchant weapon {unknown}
 h - 2 scrolls of magic mapping {unknown}
 i - 3 scrolls of identify {unknown}
 n - 2 scrolls of remove curse {unknown}
 t - a scroll of enchant armour {unknown}
Potions
 f - 13 potions of blood
 m - 3 potions of brilliance {unknown}
 r - a potion of ambrosia {unknown}
 v - 2 potions of lignification {unknown}
 w - a potion of degeneration {unknown}
 z - a potion of heal wounds {unknown}


   Skills:
 - Level 3.0 Fighting
 - Level 2.0 Short Blades
 - Level 1.7 Axes
 - Level 2.4 Armour
 + Level 3.2 Dodging
 - Level 4.4 Stealth
 * Level 1.1 Unarmed Combat


You had 3 spell levels left.
You didn't know any spells.

Dungeon Overview and Level Annotations

Branches:
Dungeon (4/15)
 Temple: D:4-7

Altars:
Fedhas
Qazlal
Xom


Innate Abilities, Weirdness & Mutations

Your natural rate of healing is unusually fast.
You have razor-sharp teeth.
You have supernaturally acute eyesight. (SInv)
You can survive without breathing.


Message History

You slash the howler monkey! Your bite misses the howler monkey.
The howler monkey is almost dead.
The howler monkey barely misses you.
The howler monkey hoots and howls with incredible vigour!
You hear a shout!
An orc priest comes into view. It is wielding a dagger.
You closely miss the howler monkey. Your bite misses the howler monkey.
The howler monkey is almost dead.
You hit the ogre. You block the howler monkey's attack.
The ogre hits you with a giant club.
The howler monkey hits you but does no damage.
The ogre hits you with a giant club!!
Ouch! That really hurt!
* * * LOW HITPOINT WARNING * * *
You hear a bark!
A hound comes into view.
There is a stone staircase leading up here.
You can't go down here!
You block the howler monkey's attack. The ogre hits you with a giant club!
You die...

###+###
##.....##
...⌠...#
P..P..P# #_._._
###.#P##
#[o@...#
...##..hO..#
...........#
..........h....
...##......###.
.. ...#..#... .
....##.#.....
.....# .......
..... .. ....


You could see an ogre, a howler monkey, a hound and an orc priest.

Vanquished Creatures
  6 adders
  3 worms (D:2)
  4 dart slugs (D:1)
  A leopard gecko (D:3)
  3 orcs (D:3)
  A giant cockroach (D:3)
  5 goblins
  9 hobgoblins
  2 jackals (D:3)
  2 quokkas
  2 ball pythons
  7 bats
  A frilled lizard (D:2)
  9 kobolds
  6 rats
61 creatures vanquished.

Notes
Turn   | Place    | Note
-------+----------+-------------------------------------------
     0 | D:1      | straycat the Vampire Wanderer began the quest for the Orb.
     0 | D:1      | straycat set off with: a +2 scale mail, a +0 shortbow, 25 arrows, a +0 hand axe, a +0 dagger, a potion of blood
     0 | D:1      | Reached XP level 1. HP: 17/17 MP: 1/1
    82 | D:1      | Reached skill level 1 in Dodging
   132 | D:1      | Reached XP level 2. HP: 11/23 MP: 2/2
   443 | D:1      | Reached skill level 1 in Short Blades
   604 | D:1      | Reached XP level 3. HP: 24/29 MP: 3/3
  1731 | D:3      | Reached skill level 4 in Stealth
  1856 | D:3      | Reached XP level 4. HP: 29/35 MP: 4/4
  2703 | D:2      | Reached skill level 1 in Unarmed Combat
  3107 | D:4      | Found a shimmering altar of Xom.
  3107 | D:4      | Found a stormy altar of Qazlal.
  3108 | D:4      | Found a blossoming altar of Fedhas.
  3110 | D:4      | Noticed an ogre
  3113 | D:4      | HP: 1/35 [ogre/giant club (28)]
  3115 | D:4      | Demolished by an ogre

Skill      XL: |  1  2  3  4 |
---------------+-------------+-----
Dodging        | 1 2 3 |  3.2
Short Blades   | 1 2 |  2.0
Fighting       | 3 |  3.0
Stealth        | 4 |  4.4
Unarmed Combat | 1 |  1.1
Axes           | |  1.7
Armour         | |  2.4

Action                   |  1- 3 |  4- 6 || total
-------------------------+-------+-------++-------
Melee: Hand axe          |   149 |    52 ||   201
       Bite              |    21 |    21 ||    42
       War axe           |       |    66 ||    66
  Use: Potion            |       |    10 ||    10
 Stab: Sleeping          |     2 |       ||     2
  Eat: Corpse            |     2 |       ||     2
Armor: Scale mail        |    84 |    59 ||   143
Dodge: Dodged            |    85 |    72 ||   157
Block: Large shield      |       |     9 ||     9
       Shield            |       |     6 ||     6
